AoeStats
← Grandma's Boy

Pilgrims

509032347Analyzed
4v4 RM · 7d ago on Sep 25, 2026· 40m 48s· 8 players
Game mode
Random Map
Map size
Large (8 player)
Population
200
Speed
Normal
Resources
Standard
Victory
Conquest
Starting age
Dark Age
Ending age
Imperial Age
RankedLock teamsTeams togetherTeam positionsShared explorationLock speedFull tech treeHidden civsTurbo modeCheats
Victory
Defeat
🇲🇽 Spanish · Mexico
901
+7
🇲🇽 Khmer · Mexico
748
+12
🇺🇸 Danes · United States
708
+13
🇺🇸 Byzantines · United States
690
+14
🇨🇳 Saracens · China
742
-14
🇺🇸 Teutons · United States
669
-12
🇮🇳 Goths · India
612
-10
🇺🇸 Mongols · United States
609
-10
CaptSquigglyP_IV
15:16 Feudal Age
16:04 Loom
18:52 Double-Bit Axe
19:00 Stone Mining
19:06 Gold Mining
22:02 Castle Age
21:58 Bloodlines
22:50 Forging
26:37 Light Cavalry
31:26 Bow Saw
36:58 Wheelbarrow
38:55 Imperial Age
36:12 Hamask
El Tlatoani
6:43 Loom
16:31 Feudal Age
17:33 Double-Bit Axe
23:12 Bloodlines
27:14 Castle Age
28:37 Wheelbarrow
28:24 Husbandry
28:56 Bow Saw
28:13 Pikeman
30:00 Fishing Lines
30:49 Gambesons
31:04 Squires
30:49 Arson
34:36 Imperial Age
32:21 Hand Cart
32:50 Gillnets
33:41 Gold Mining
35:49 Conscription
36:42 Two-Man Saw
36:15 Halberdier
soytupadreelgabo
14:38 Feudal Age
15:23 Double-Bit Axe
15:23 Fishing Lines
16:07 Horse Collar
21:57 Castle Age
19:59 Stone Mining
23:18 Scale Barding Armor
22:46 Light Cavalry
24:38 Bloodlines
27:49 Gold Mining
42:55 Imperial Age
Grandma's Boy
13:50 Feudal Age
13:52 Loom
15:48 Wheelbarrow
15:04 Horse Collar
15:10 Double-Bit Axe
17:52 Gold Mining
24:31 Castle Age
22:31 Stone Mining
24:34 Scale Mail Armor
24:25 Fletching
24:36 Padded Archer Armor
24:51 Forging
24:34 Fletching
25:40 Chain Mail Armor
24:56 Pikeman
26:02 Husbandry
27:11 Hand Cart
27:10 Arson
27:26 Squires
28:42 Iron Casting
31:54 Stone Shaft Mining
32:34 Light Cavalry
37:43 Imperial Age
36:01 Gold Shaft Mining
39:29 Plate Mail Armor
38:22 Halberdier
40:13 Fletching
sancharizard
18:46 Feudal Age
20:49 Fishing Lines
24:11 Wheelbarrow
25:23 Horse Collar
26:04 Gold Mining
26:05 Double-Bit Axe
29:28 Castle Age
29:12 Bloodlines
aki2192
17:01 Feudal Age
21:28 Double-Bit Axe
25:30 Castle Age
Ardeth
7:04 Loom
15:44 Feudal Age
17:00 Double-Bit Axe
18:38 Man-at-Arms
22:21 Wheelbarrow
691621796
16:32 Feudal Age
17:01 Fishing Lines
17:29 Horse Collar
17:56 Double-Bit Axe
23:25 Castle Age
25:38 Gillnets
28:07 Gold Mining
28:34 Bow Saw
28:31 Heavy Plow
Connection lost

Rejoining the realm…

Still unreachable

The connection could not be restored.

Session expired

The server has moved on; the page needs a fresh start.